 Dungeon Crawl Stone Soup version 0.32-a0-312-g1d7162e751 (webtiles) character file.

Game seed: 11688541610526334059

194516 fgjk the Warrior (level 18, -5/168 (169) HPs)
             Began as a Minotaur Fighter on Feb 15, 2024.
             Was the Champion of Okawaru.
             Killed by angry trees
             ... awakened by a spriggan druid
              (8 damage)
             ... on level 1 of the Swamp.
             The game lasted 00:57:10 (24833 turns).

fgjk the Warrior (Minotaur Fighter)                Turns: 24833, Time: 00:57:10

HP:   -5/168 (169)  AC: 44    Str: 28    XL:     18   Next: 10%
MP:   22/24         EV: 14    Int:  9    God:    Okawaru [******]
Gold: 821           SH:  9    Dex:  9    Spells: 17/17 levels left

rFire   + + .        J - +4 broad axe (heavy)
rCold   . . .        c - +0 buckler
rNeg    . . .        y - +9 plate armour "Oreinlism" {rPois rF+}
rPois   +            G - +2 hat {Stlth+}
rElec   .            s - +1 cloak
rCorr   .            D - +1 pair of gloves
SInv    .            d - +1 pair of boots
Will    +....        f - amulet of regeneration Stlth
                     b - ring of protection from fire
HPRegen 1.28/turn    T - +4 ring of protection
MPRegen 0.19/turn

%: no passive effects
@: lethally poisoned (-5 -> -5), about to teleport, heroic, lightly drained,
very slow
A: horns 2, retaliatory headbutt, clever 1
a: Renounce Religion, Heroism, Finesse, Duel


You were on level 1 of the Swamp.
You worshipped Okawaru.
Okawaru was exalted by your worship.
You visited 6 branches of the dungeon, and saw 27 of its levels.
You also visited: Sewer and Bailey.

You collected 4418 gold pieces.
You spent 3597 gold pieces at shops.

Inventory:

Hand Weapons
 e - a +0 broad axe of flaming
 J - a +4 heavy broad axe (weapon)
 L - the +5 hand axe of Eternal War {flame, rC+ Int+5}
   (You found it on level 1 of the Lair of Beasts)

   Int+5:     It affects your intelligence (+5).
   rC+:       It protects you from cold.
Missiles
 t - 9 throwing nets (quivered)
Armour
 c - a +0 buckler (worn)
 d - a +1 pair of boots (worn)
 o - a +3 ring mail of cold resistance
 s - a +1 cloak (worn)
 y - the +9 plate armour "Oreinlism" (worn) {rPois rF+}
   (Okawaru gifted it to you on level 14 of the Dungeon)

   rF+:       It protects you from fire.
   rPois:     It protects you from poison
 A - a +3 chain mail of positive energy
 D - a +1 pair of gloves (worn)
 G - a +2 hat of stealth (worn)
Jewellery
 b - a ring of protection from fire (left hand)
 f - an amulet of regeneration (around neck)
 x - the ring "Herukhlo" {Slay+2 SInv}
   (You took it off a gnoll bouda in a bailey)

   [ring of see invisible]

   Slay+2:    It affects your accuracy & damage with ranged weapons and melee
   (+2).
   SInv:      It lets you see invisible.
 H - a +6 ring of dexterity
 I - a +6 ring of strength
 S - the ring of Neocs {Ice rPois rN+ Will++}
   (You bought it in a shop on level 2 of the Snake Pit)

   [ring of ice]

   Ice:       It enhances your ice magic.
   rF-:       It makes you vulnerable to fire.
   rC+:       It protects you from cold.
   rPois:     It protects you from poison rN+: It protects you from negative
   energy.
   Will++:    It greatly increases your willpower.
 T - a +4 ring of protection (right hand)
Wands
 g - a wand of light (12)
 n - a wand of roots (21)
 p - a wand of flame (33)
 q - a wand of mindburst (9)
Scrolls
 a - 3 scrolls of brand weapon
 h - 4 scrolls of fog
 i - 4 scrolls of teleportation
 r - 2 scrolls of fear
 E - 3 scrolls of immolation
 F - 4 scrolls of revelation
 K - 8 scrolls of identify
Potions
 j - 3 potions of cancellation
 k - 7 potions of mutation
 l - a potion of attraction
 m - 23 potions of curing
 u - 6 potions of enlightenment
 v - a potion of invisibility
 w - 4 potions of resistance
 z - 3 potions of magic
 B - 4 potions of heal wounds
 N - 5 potions of might
 O - 6 potions of haste
 P - 8 potions of ambrosia
 Q - 2 potions of lignification
Miscellaneous
 M - a condenser vane
 R - a lightning rod (4/4)


   Skills:
 + Level 17.1(22.1) Fighting
 + Level 16.8(21.8) Axes
 + Level 17.0(22.0) Armour
 + Level 15.3(20.3) Dodging
 + Level 17.0(22.0) Shields
 - Level 10.0 Invocations


You had 17 spell levels left.
You didn't know any spells.
Your spell library contained the following spells:

 Spells                   Type           Power      Damage    Failure   Level
 Shock                    Conj/Air       0%         1d3       86%         1
 Slow                     Hex            0%         N/A       86%         1
 Sting                    Conj/Alch      0%         1d3       86%         1
 Momentum Strike          Conj/Tloc      0%         3d8       94%         2
 Scorch                   Fire           0%         2d5       94%         2
 Sublimation of Blood     Necr           0%         N/A       94%         2
 Confusing Touch          Hex            0%         N/A       99%         3
 Inner Flame              Hex/Fire       0%         N/A       99%         3
 Sigil of Binding         Hex            0%         N/A       99%         3
 Swiftness                Air            0%         N/A       99%         3
 Vampiric Draining        Necr           0%         2d6       99%         3
 Airstrike                Air            0%         2d(0-16)  100%        4
 Brom's Barrelling Bould  Conj/Erth      0%         2d3       100%        4
 Fireball                 Conj/Fire      0%         3d3       100%        5
 Irradiate                Conj/Alch      0%         3d11      100%        5
 Iskenderun's Battlesphe  Conj           0%         2d6       100%        5
 Conjure Ball Lightning   Conj/Air       0%         3x3d6     100%        6
 Orb of Destruction       Conj           0%         9d5       100%        7
 Ignition                 Fire           0%         3d3       100%        8
 Summon Blazeheart Golem  Fire/Summ      Unusable   N/A       N/A         4
 Dragon's Call            Summ           Unusable   N/A       N/A         9

Dungeon Overview and Level Annotations

Branches:
Dungeon (15/15)            Temple (1/1) D:6            Lair (5/5) D:11
  Swamp (1/4) Lair:2        Snake (3/4) Lair:2        Slime (0/5) Lair:5
    Orc (2/2) D:9             Elf (0/3) Orc:2        Vaults (0/5) D:13
 Depths (0/4) D:15          Sewer (visited)          Bailey (visited)

Altars:
Ashenzari
Cheibriados
Dithmenos
Elyvilon
Fedhas
Gozag
Hepliaklqana
Kikubaaqudgha
Makhleb
Nemelex Xobeh
Okawaru
Qazlal
Ru
Sif Muna
Trog
Uskayaw
Vehumet
Wu Jian
Xom
Yredelemnul
Zin
The Shining One
Beogh
Jiyva

Shops:
D:1 !!!   D:14 (   Orc:1 =   Orc:2 [![   Snake:1 *   Snake:2 (!*(

Annotations:
D:14 2 transporters, Samm's ghost, journeyman MiMo


Innate Abilities, Weirdness & Mutations

You have a pair of horns on your head.
You reflexively headbutt those who attack you in melee.
Your mind is acute. (Int +4, Str/Dex -1)


Message History

You feel roots moving beneath the ground.
You are hit by a branch!
* * * LOW HITPOINT WARNING * * *
The fenstrider witch points at you and mumbles some strange words.
The toxic sludge hits you.
You are poisoned.
You partially resist.
* * * LOW HITPOINT WARNING * * *
Splash!
You fall into the toxic bog.
Moving in this stuff is going to be slow.
You hear a shout!
You gain the combat prowess of a mighty hero.
You fester in the toxic bog.
You partially resist.
You are more poisoned.
* * * LOW HITPOINT WARNING * * *
You feel very sick. Branches wave dangerously above you.
A root smacks you from below!
* * * LOW HITPOINT WARNING * * *
Okay, then.
Unknown command.
As you read the scroll of teleportation, it crumbles to dust.
You feel strangely unstable.
You fester in the toxic bog!
You partially resist.
You are more poisoned.
* * * LOW HITPOINT WARNING * * *
You feel very sick. Branches wave dangerously above you.
A root smacks you from below!
* * * LOW HITPOINT WARNING * * *
The fenstrider witch gestures at you while chanting.
You block the toxic sludge.
You block the fenstrider witch's attack.
The fenstrider witch kicks you but does no damage.
Unknown command.
You feel better.
You fester in the toxic bog!
You partially resist.
You are poisoned.
* * * LOW HITPOINT WARNING * * *
You feel sick. A root smacks you from below!
You die...

♣♣ ♣♣.♣ ♣♣.. ♣♣♣
♣♣..♣♣♣.♣♣♣
♣~~@HiF.~~♣♣♣♣♣♣♣.
#.######.~~.(.!...
~. #~~..♣♣♣♣ ~~~
#~.♣♣♣ ..~ #H♣♣ ♣♣
#.i #.~ .... ♣~~§


You could see a fenstrider witch, a spriggan druid and a goliath frog.

Vanquished Creatures
  Jorgrun (Orc:1)
  Gastronok (D:11)
  Kirke (Lair:2)
  A nagaraja (Snake:3)
  A dire elephant (D:15)
  The ghost of Kiciri the Cleaver, a journeyman MDFi of Okawaru (Orc:1)
  An ettin (Orc:1)
  Josephine (D:14)
  A salamander tyrant (Snake:2)
  6 hydras
  Erolcha (D:11)
  A rakshasa (D:14)
  6 anacondas
  Erica (D:11)
  A ghost crab (Swamp:1)
  2 catoblepae (Lair:5)
  4 alligators
  4 ogre magi (Orc:2)
  3 centaur warriors
  23 two-headed ogres
  3 boulder beetles
  6 death yaks
  3 tengu warriors
  3 naga warriors (Snake:1)
  An occultist (D:15)
  7 shock serpents
  11 naga sharpshooters
  A salamander mystic (Snake:2)
  2 skysharks
  13 skeletal warriors
  2 sea snakes (Snake:1)
  A goliath frog (Swamp:1)
  A bog body (Lair:2)
  A swamp dragon (Swamp:1)
  9 mana vipers
  2 naga ritualists
  3 arcanists (D:13)
  A necromancer (D:13)
  5 orc knights
  A deep elf pyromancer (D:13)
  A lindwurm (Lair:5)
  4 cyclopes
  18 ugly things
  4 manticores
  7 salamanders
  5 orc sorcerers
  10 elephants
  A meliai (shapeshifter) (D:13)
  2 guardian serpents
  A water nymph (D:15)
  25 black mambas
  12 naga magi
  2 gargoyles (D:12)
  5 torpor snails
  10 cane toads
  An unseen horror (D:12)
  4 rime drakes
  A tengu conjurer (D:15)
  5 polar bears
  9 komodo dragons
  A queen bee (Lair:3)
  A tyrant leech (Swamp:1)
  7 trolls
  7 hornets
  19 blink frogs
  5 dream sheep
  24 slime creatures
  2 shadows
  13 spriggans
  2 vampires
  5 wraiths
  89 yaks
  5 wyverns
  A wyvern (shapeshifter) (D:14)
  A human (Swamp:1)
  8 basilisks
  2 wargs (Orc:1)
  4 hogs
  Grum (Bailey)
  4 vampire mosquitoes (D:10)
  Edmund (D:4)
  3 swamp worms (Lair:1)
  27 nagas
  2 acid dragons
  10 water moccasins
  A swamp drake (Lair:2)
  A sky beast (D:8)
  27 orc warriors
  2 laughing skulls (D:12)
  9 black bears
  33 ogres
  5 boggarts (Lair:5)
  37 wolves
  4 centaurs
  20 bullfrogs
  9 gnoll sergeants
  3 scorpions
  5 wights (D:7)
  28 killer bees
  7 electric eels
  A bombardier beetle (D:3)
  4 jellies
  16 orc priests
  6 hounds
  7 gnoll boudas
  9 iguanas
  A sleepcap (D:5)
  19 orc wizards
  Robin (D:3)
  24 gnolls
  15 adders
  4 river rats (Sewer)
  A white imp (D:5)
  3 ribbon worms
  103 orcs
  15 ball pythons
  4 endoplasms
  5 giant cockroaches
  22 goblins
  10 hobgoblins
  12 jackals
  4 quokkas
  5 bats
  2 frilled lizards (D:1)
  12 kobolds
  19 rats
1023 creatures vanquished.

Vanquished Creatures (others)
  An alligator (Swamp:1)
  A goliath frog (Swamp:1)
  A will-o-the-wisp (Swamp:1)
  2 bloated husks (Swamp:1)
  2 humans (Swamp:1)
  A swamp worm (Swamp:1)
  An ogre (Orc:2)
  An orc priest (Orc:2)
10 creatures vanquished.

Grand Total: 1033 creatures vanquished

Notes
Turn   | Place    | Note
-------+----------+-------------------------------------------
     0 | D:1      | fgjk the Minotaur Fighter began the quest for the Orb.
     0 | D:1      | Reached XP level 1. HP: 19/19 MP: 0/0
    87 | D:1      | Reached XP level 2. HP: 26/27 MP: 1/1
   127 | D:1      | Reached skill level 1 in Dodging
   224 | D:1      | Reached XP level 3. HP: 28/33 MP: 2/2
   306 | D:1      | Found Oroboqov's Distillery.
   448 | D:1      | Bought a potion of degeneration for 11 gold pieces
   602 | D:1      | Found Joilex's Distillery.
   671 | D:1      | Found Ybofar's Distillery.
   811 | D:1      | Reached XP level 4. HP: 40/40 MP: 3/3
   951 | D:2      | Gained mutation: Your mind is acute. (Int +4, Str/Dex -1)
                  | [potion of mutation]
  1396 | D:3      | Reached XP level 5. HP: 47/47 MP: 4/4
  1493 | D:1      | Bought a potion of curing for 36 gold pieces
  1771 | D:3      | Found a hide-covered altar of Uskayaw.
  1838 | D:3      | Found a blossoming altar of Fedhas.
  1860 | D:3      | Reached XP level 6. HP: 55/55 MP: 5/5
  1940 | D:3      | Noticed Robin
  1943 | D:3      | Killed Robin
  2161 | D:3      | Reached skill level 5 in Armour
  2409 | D:1      | Bought a potion of berserk rage for 55 gold pieces
  2619 | D:4      | Reached skill level 5 in Fighting
  2619 | D:4      | Reached skill level 5 in Shields
  2656 | D:4      | Noticed Edmund
  2684 | D:4      | Killed Edmund
  2804 | D:4      | Reached XP level 7. HP: 44/61 MP: 6/6
  2848 | D:4      | Found a shimmering altar of Xom.
  3309 | D:5      | Entered Level 5 of the Dungeon
  3436 | D:5      | Reached skill level 5 in Axes
  3711 | D:5      | Reached XP level 8. HP: 18/70 MP: 7/7
  4309 | D:1      | Bought a potion of heal wounds for 60 gold pieces
  4309 | D:1      | Bought a potion of might for 48 gold pieces
  4561 | D:6      | Reached skill level 5 in Dodging
  4633 | D:6      | Reached XP level 9. HP: 24/79 MP: 8/8
  4693 | D:6      | Found a glowing drain.
  4697 | Sewer    | Entered a sewer
  5032 | D:6      | Found a staircase to the Ecumenical Temple.
  5043 | Temple   | Entered the Ecumenical Temple
  5911 | D:7      | Found a burning altar of Makhleb.
  6500 | D:8      | Paralysed by a hornet for 3 turns
  6504 | D:8      | Reached XP level 10. HP: 49/90 MP: 9/9
  6669 | D:8      | Found a broken altar of Ashenzari.
  7242 | D:8      | Found a sparkling altar of Nemelex Xobeh.
  7365 | D:9      | Found a flagged portal.
  7394 | Bailey   | Entered a bailey
  7554 | Bailey   | Noticed Grum
  7563 | Bailey   | Killed Grum
  7604 | Bailey   | Identified the ring "Herukhlo" {Slay+2 SInv}
  8024 | D:9      | Reached XP level 11. HP: 88/99 MP: 10/10
  8032 | D:9      | Reached skill level 10 in Fighting
  8034 | D:9      | Reached skill level 10 in Armour
  8110 | D:9      | Found an iron altar of Okawaru.
  8119 | D:9      | Became a worshipper of Warmaster Okawaru
  8224 | D:9      | Reached skill level 10 in Shields
  8548 | D:9      | Found a roughly hewn altar of Beogh.
  8550 | D:9      | Found a staircase to the Orcish Mines.
  8704 | D:10     | Entered Level 10 of the Dungeon
  8764 | D:10     | Reached * piety under Okawaru
  8885 | D:10     | Reached skill level 10 in Axes
  8937 | D:10     | Reached ** piety under Okawaru
  8960 | D:10     | Found a bloodstained altar of Trog.
  8964 | D:10     | You fall into a shaft and drop 1 floor!
  8995 | D:10     | Found a shadowy altar of Dithmenos.
  9285 | D:10     | Noticed a two-headed ogre
  9299 | D:10     | Killed a two-headed ogre
  9498 | D:11     | Noticed Erolcha
  9504 | D:11     | Killed Erolcha
  9504 | D:11     | Reached *** piety under Okawaru
  9633 | D:11     | Noticed Gastronok
  9648 | D:11     | Killed Gastronok
  9648 | D:11     | Reached **** piety under Okawaru
  9679 | D:11     | Found a staircase to the Lair.
  9819 | D:11     | Reached XP level 12. HP: 108/110 MP: 11/11
  9919 | D:11     | Noticed Erica
  9930 | D:11     | Killed Erica
 10296 | D:12     | Reached ***** piety under Okawaru
 10297 | D:12     | Reached skill level 10 in Dodging
 10339 | D:12     | Received a gift from Okawaru
 10372 | D:12     | Noticed a two-headed ogre
 10381 | D:12     | Killed a two-headed ogre
 10389 | D:12     | Identified a scroll of acquirement
 10389 | D:12     | Acquired a +0 heavy broad axe
 10579 | D:12     | Noticed a boulder beetle
 10594 | D:12     | Killed a boulder beetle
 10667 | D:12     | Noticed a centaur warrior
 10674 | D:12     | Killed a centaur warrior
 10731 | D:12     | Identified the +1 scale mail of Youthful Indiscretion
                  | {Will+ Str+2}
 11022 | D:13     | Noticed a six-headed hydra
 11034 | D:13     | Killed a 13-headed hydra
 11155 | D:13     | Noticed a boulder beetle
 11171 | D:13     | Killed a boulder beetle
 11270 | D:13     | Found a gate to the Vaults.
 11270 | D:13     | Noticed a two-headed ogre
 11338 | D:12     | Acquired 1037 gold pieces
 11375 | D:13     | Received a gift from Okawaru
 11455 | D:13     | Reached XP level 13. HP: 119/119 MP: 12/12
 11485 | D:13     | Found a roughly hewn altar of Beogh.
 12018 | D:13     | Got Hermeneutics, Part Two
 12049 | D:13     | Reached ****** piety under Okawaru
 12049 | D:13     | Received a gift from Okawaru
 12050 | D:13     | Acquired a +0 broad axe of flaming
 12050 | D:13     | Received a gift from Okawaru
 12330 | D:14     | Noticed a fire giant
 12334 | D:14     | Noticed Samm's ghost (journeyman MiMo)
 12345 | D:14     | Found a transporter.
 12348 | D:14     | Found a transporter.
 12366 | D:14     | HP: 5/122 [acid (8)]
 12376 | D:14     | Received a gift from Okawaru
 12377 | D:14     | Acquired the +9 plate armour "Oreinlism" {rPois rF+}
 12377 | D:14     | Received a gift from Okawaru
 12496 | D:14     | Found a radiant altar of Vehumet.
 12595 | D:14     | Noticed Josephine
 12602 | D:14     | Killed Josephine
 12666 | D:14     | HP: 6/122 [skeletal warrior/+0 halberd (9)]
 12674 | D:14     | Found Wesec's Antique Weapon Emporium.
 12805 | D:14     | Received a gift from Okawaru
 13211 | Lair:1   | Entered Level 1 of the Lair of Beasts
 13322 | Lair:1   | Identified the +5 hand axe of Eternal War {flame, rC+
                  | Int+5}
 13327 | Lair:1   | Got the Reference Book on Arrival and Crysopoeia
 13378 | Lair:1   | Reached XP level 14. HP: 129/130 MP: 13/13
 13546 | Lair:1   | Found a stormy altar of Qazlal.
 13689 | Lair:1   | Received a gift from Okawaru
 14143 | Lair:2   | Acquired 748 gold pieces
 14209 | Lair:2   | Found a staircase to the Snake Pit.
 14354 | Lair:2   | Received a gift from Okawaru
 14358 | Lair:2   | Reached skill level 1 in Invocations
 14537 | Lair:2   | Found a staircase to the Swamp.
 15286 | D:1      | Bought a potion of curing for 42 gold pieces
 15286 | D:1      | Bought 2 potions of curing for 84 gold pieces
 15286 | D:1      | Bought a potion of ambrosia for 112 gold pieces
 15286 | D:1      | Bought a potion of curing for 42 gold pieces
 15286 | D:1      | Bought a potion of mutation for 112 gold pieces
 15286 | D:1      | Bought a potion of curing for 42 gold pieces
 15286 | D:1      | Bought a potion of curing for 42 gold pieces
 15333 | D:1      | Bought a potion of enlightenment for 55 gold pieces
 15333 | D:1      | Bought a potion of mutation for 88 gold pieces
 15333 | D:1      | Bought a potion of lignification for 33 gold pieces
 15333 | D:1      | Bought a potion of lignification for 33 gold pieces
 15333 | D:1      | Bought a potion of haste for 110 gold pieces
 15668 | Lair:3   | Reached skill level 5 in Invocations
 15748 | Lair:3   | Received a gift from Okawaru
 16654 | Lair:4   | Received a gift from Okawaru
 17124 | Lair:5   | Entered Level 5 of the Lair of Beasts
 17140 | Lair:5   | Reached XP level 15. HP: 119/138 MP: 21/21
 17208 | Lair:5   | Reached skill level 10 in Invocations
 17208 | Lair:5   | Reached XP level 16. HP: 141/147 MP: 22/22
 17322 | Lair:5   | HP: 6/147 [skyshark (14)]
 17525 | Lair:5   | Received a gift from Okawaru
 18074 | Lair:5   | Found a viscous altar of Jiyva.
 18084 | Lair:5   | Found a staircase to the Slime Pits.
 18091 | Lair:5   | Received a gift from Okawaru
 18721 | Orc:1    | Entered Level 1 of the Orcish Mines
 18725 | Orc:1    | Noticed Jorgrun
 18731 | Orc:1    | Reached skill level 15 in Fighting
 18740 | Orc:1    | Killed Jorgrun
 18741 | Orc:1    | Reached skill level 15 in Armour
 18741 | Orc:1    | Reached skill level 15 in Shields
 19013 | Orc:1    | Found Rywkuajoj's Jewellery Shop.
 19070 | Orc:1    | Found a transporter.
 19074 | Orc:1    | Identified the +10 great mace of Zuipeus {vamp, rN+ rCorr
                  | Stlth+}
 19074 | Orc:1    | Identified the +6 great mace of the Moth {speed, MP+9 Str+4
                  | Dex+3}
 19074 | Orc:1    | Noticed Kiciri's ghost (journeyman MDFi)
 19076 | Orc:1    | Found a transporter.
 19121 | Orc:1    | Killed Kiciri's ghost
 19203 | Orc:2    | Entered Level 2 of the Orcish Mines
 19205 | Orc:2    | Found a staircase to the Elven Halls.
 19234 | Orc:2    | Reached skill level 15 in Axes
 19248 | Orc:2    | Received a gift from Okawaru
 19395 | Orc:2    | Paralysed by an ogre mage for 3 turns
 19611 | Orc:2    | Found Kegin's Antique Armour Boutique.
 19611 | Orc:2    | Found Lionlon's Antique Armour Emporium.
 19612 | Orc:2    | Found Bigira's Distillery.
 19612 | Orc:2    | Found Fiemuthi's Weapon Shop.
 19624 | Orc:2    | Bought a potion of curing for 48 gold pieces
 19624 | Orc:2    | Bought a potion of curing for 48 gold pieces
 19624 | Orc:2    | Bought a potion of curing for 48 gold pieces
 19624 | Orc:2    | Bought a potion of mutation for 128 gold pieces
 19624 | Orc:2    | Bought a potion of curing for 48 gold pieces
 19954 | D:15     | Entered Level 15 of the Dungeon
 19984 | D:15     | Reached XP level 17. HP: 157/157 MP: 23/23
 20174 | D:15     | Found a staircase to the Depths.
 20265 | D:15     | Received a gift from Okawaru
 21046 | Snake:1  | Entered Level 1 of the Snake Pit
 21500 | Snake:1  | Found Jumicvie's Gadget Gallery.
 21508 | Snake:1  | Bought a condenser vane for 760 gold pieces
 21679 | Snake:1  | Received a gift from Okawaru
 22198 | Snake:2  | Found Variyses's Assorted Antiques.
 22218 | Snake:2  | Found Fobram's Antique Weapon Shop.
 22218 | Snake:2  | Found Oseific's Weapon Boutique.
 22230 | Snake:2  | Bought a potion of heal wounds for 120 gold pieces
 22230 | Snake:2  | Bought a scroll of immolation for 96 gold pieces
 22230 | Snake:2  | Bought a fine ivory ring for 120 gold pieces
 22230 | Snake:2  | Identified the ring of Neocs {Ice rPois rN+ Will++} (You
                  | bought it in a shop on level 2 of the Snake Pit)
 22230 | Snake:2  | Bought a scroll of fear for 96 gold pieces
 22230 | Snake:2  | Bought a potion of haste for 240 gold pieces
 22230 | Snake:2  | Found Hoikuvev's Distillery.
 22253 | Snake:2  | Bought a potion of curing for 45 gold pieces
 22253 | Snake:2  | Bought a potion of haste for 150 gold pieces
 22253 | Snake:2  | Bought a potion of cancellation for 120 gold pieces
 22253 | Snake:2  | Bought a potion of enlightenment for 75 gold pieces
 22253 | Snake:2  | Bought 2 potions of heal wounds for 150 gold pieces
 22253 | Snake:2  | Bought a potion of haste for 150 gold pieces
 22253 | Snake:2  | Bought a potion of resistance for 150 gold pieces
 22548 | Snake:2  | Received a gift from Okawaru
 22805 | Snake:2  | Reached skill level 15 in Dodging
 23281 | Snake:3  | Received a gift from Okawaru
 24264 | Swamp:1  | Entered Level 1 of the Swamp
 24264 | Swamp:1  | Noticed Kirke
 24549 | Lair:2   | Reached XP level 18. HP: 168/168 MP: 24/24
 24623 | Lair:2   | Killed Kirke
 24832 | Swamp:1  | HP: 6/168 [spriggan druid/angry trees (7)]
 24833 | Swamp:1  | Killed from afar by a spriggan druid

Illustrated notes

Levels and vault maps discovered:
D:1:      psy_arrival_whirlpool, layout_loops_corners, serial_shops, shop, shop,
          nicolae_shop_tiny_statue_garden
D:2:      wad_pebble_path, layout_basic
D:3:      minmay_angry_zag, layout_loops_ring, overflow_temple_1_default,
          lemuel_doored_altar, kennysheep_generic_room_14, uniq_robin
D:4:      layout_cave_pods, mainiacjoe_overflow_tiny_flanked, uniq_edmund
D:5:      cheibrodos_quashed, layout_gridville, nicolae_zen_rock_garden,
          chequers_serial_rivers_micro_c
D:6:      layout_loops_ring, temple_fountains,
          mainiacjoe_sewer_entry_somewhere_in_here_2
D:7:      layout_gridville, mainiacjoe_overflow_concentric_impassable,
          kennysheep_diamond, minmay_misc_feat_pillars
D:8:      layout_basic, nemelex_diamond_rough_becter,
          nicolae_overflow_hidden_temple
D:9:      layout_loops_cross, kennysheep_okawaru_gauntlet, david_orc_5,
          enter_bailey_3
D:10:     layout_small_grid, bloody_trog,
          nicolae_dithmenos_through_a_glass_darkly
D:11:     layout_cave_pools, david_lair_generic, nicolae_figureground_pulse,
          uniq_erolcha, uniq_erica, uniq_gastronok
D:12:     layout_loops_ring, amcnicky_mini_corridor_feature
D:13:     layout_basic, david_vaults_1, special_room [special_room_orc]
D:14:     layout_irregular_city, serial_shops, nicolae_stop_n_shop_2,
          gammafunk_ghost_arena, fiery_altar_vehumet, uniq_josephine
D:15:     hangedman_depths_entry_try_elsewhere_first, layout_cave_pods
Temple:   nicolae_temple_bog_church
Lair:1:   layout_cave_pods, basic_altar, worms_lemuel
Lair:2:   layout_regular_city, mainiacjoe_swamp_entry_lozenge_pond,
          dummy_snake_entry, nicolae_quartered_pool_super, serial_bayou_pond_b
Lair:3:   beast_lair_carwin_large_1, layout_concentric_octagons, special_room
          [special_room_bee]
Lair:4:   layout_loops_ring, grunt_megastairs_4
Lair:5:   minmay_lair_end_enchanted_forest, layout_layer_cave,
          nicolae_slime_entry_field_trip
Swamp:1:  layout_falls_marsh, evilmike_swamp_ruin_house_6,
          infiniplex_staircase_pool, uniq_kirke
Snake:1:  layout_grid_maze, drop_trap, st_stairs_9, nicolae_snake_snake_lake,
          nicolae_shop_gadgets, lemuel_fruit_tree
Snake:2:  layout_onion_interference, nicolae_triple_integral, minmay_shoptagon
Snake:3:  layout_gridlike, grunt_megastairs_3
Orc:1:    layout_diamond_mine, serial_shops, shop, gammafunk_ghost_smash,
          uniq_jorgrun
Orc:2:    st_orc_ogre_mass, layout_caves

Skill      XL: |  1  2  3  4  5  6  7  8  9 10 11 12 13 14 15 16 17 18 |
---------------+-------------------------------------------------------+-----
Dodging        | 1 2 3 4 5 7 8 9 11 12 14 15 | 15.3
Fighting       | 4 5 6 7 8 9 11 12 13 14 15 16 17 | 17.1
Armour         | 4 5 6 7 8 9 11 12 13 14 15 16 17 | 17.0
Shields        | 4 5 6 7 8 9 11 12 13 14 15 16 17 | 17.0
Axes           | 3 4 5 6 8 9 10 12 13 14 15 16 | 16.8
Invocations    | 9 10 | 10.0

Action                     |  1- 3 |  4- 6 |  7- 9 | 10-12 | 13-15 | 16-18 || total
---------------------------+-------+-------+-------+-------+-------+-------++-------
  Melee: War axe           |    66 |   159 |   319 |   594 |    71 |       ||  1209
         Headbutt          |     3 |    26 |    56 |   151 |   102 |   157 ||   495
         Broad axe         |       |       |       |       |   462 |   746 ||  1208
         Unarmed           |       |       |       |       |       |     4 ||     4
  Throw: Throwing net      |       |       |       |     1 |       |       ||     1
 Invoke: Heroism           |       |       |       |       |     2 |     8 ||    10
         Receive Weapon    |       |       |       |       |     1 |       ||     1
         Receive Armour    |       |       |       |       |     1 |       ||     1
  Evoke: Wand              |       |     2 |       |     1 |     2 |       ||     5
    Use: Scroll            |       |    10 |     7 |    11 |    10 |    11 ||    49
         Potion            |       |     1 |     2 |     3 |     6 |     2 ||    14
   Stab: Invisible         |       |     1 |       |       |       |       ||     1
         Distracted        |       |       |       |       |     2 |       ||     2
         Petrified         |       |       |       |       |       |     6 ||     6
 Armour: Scale mail        |    52 |    96 |       |       |       |       ||   148
         Ring mail         |       |     7 |   263 |   105 |       |       ||   375
         Chain mail        |       |       |       |   426 |    98 |       ||   524
         Plate armour      |       |       |       |       |   595 |  1039 ||  1634
         Skin              |       |       |       |       |       |     8 ||     8
  Dodge: Dodged            |    30 |    88 |   231 |   354 |   358 |   509 ||  1570
  Block: Buckler           |    13 |    37 |    88 |   194 |   229 |   354 ||   915

Table legend: (Time is in decaauts)
 A = Elapsed time spent in this place.
 B = Non-inter-level travel time spent in this place.
 C = Inter-level travel time spent in this place.
 D = Time resting spent in this place.
 E = Time spent auto-exploring this place.
 F = Levels seen in this place.
 G = Mean time per level.
                   A        B        C        D        E       F      G
               +--------+--------+--------+--------+--------+-----+--------+
         Total |  25527 |  23031 |   2496 |    625 |  16306 |  29 |  880.2 |
       Dungeon |  14521 |  12742 |   1779 |    171 |   9427 |  15 |  968.1 |
        Temple |      1 |      0 |      1 |      0 |      0 |   1 |    1.0 |
          Lair |   5747 |   5293 |    454 |    223 |   3630 |   5 | 1149.4 |
         Swamp |    133 |    133 |      0 |      2 |     45 |   1 |  133.0 |
     Snake Pit |   3222 |   3012 |    210 |    161 |   2184 |   3 | 1074.0 |
  Orcish Mines |   1090 |   1039 |     51 |     68 |    596 |   2 |  545.0 |
         Sewer |    286 |    286 |      0 |      0 |    131 |   1 |  286.0 |
        Bailey |    523 |    523 |      0 |      0 |    292 |   1 |  523.0 |
               +--------+--------+--------+--------+--------+-----+--------+

Top non-repeatable levels by time:
  Lair:2: 1536 daAuts
  Lair:5: 1523 daAuts
    D:13: 1385 daAuts
     D:1: 1273 daAuts
 Snake:2: 1212 daAuts
 Snake:1: 1084 daAuts
     D:8: 1050 daAuts
  Lair:1: 1044 daAuts
     D:3: 1009 daAuts
     D:4: 997 daAuts
    D:15: 992 daAuts
     D:5: 973 daAuts
    D:12: 955 daAuts
     D:9: 947 daAuts
     D:7: 946 daAuts
